 Dungeon Crawl Stone Soup version 0.31-a0-997-g9a2f3ffc92 (webtiles) character file.

Game seed: 1746705580687936151

51 Maratek the Trooper (level 3, 0/29 HPs)
             Began as a Demonspawn Fighter on Nov 7, 2023.
             Succumbed to Robin's poison
             ... on level 2 of the Dungeon.
             The game lasted 00:02:16 (675 turns).

Maratek the Trooper (Demonspawn Fighter)             Turns: 675, Time: 00:02:16

Health: 0/29       AC: 10    Str: 18    XL:     3   Next: 57%
Magic:  3/3        EV:  9    Int:  9    God:
Gold:   70         SH:  4    Dex: 12    Spells: 2/2 levels left

rFire   . . .        a - +0 war axe
rCold   . . .        c - +0 buckler
rNeg    . . .        b - +0 scale mail
rPois   +            (no helmet)
rElec   .            g - +1 cloak
rCorr   .            (no gloves)
SInv    .            (no boots)
Will    .....        (no amulet) Stlth
                     e - ring of poison resistance
HPRegen 0.24/turn    (no ring)
MPRegen 0.08/turn

%: no passive effects
@: mighty, brilliant, lethally poisoned (0 -> -2)
A: icy blue scales 1
a: no special abilities


You were on level 2 of the Dungeon.
You visited 1 branch of the dungeon, and saw 2 of its levels.

You collected 70 gold pieces.

Inventory:

Hand Weapons
 a - a +0 war axe (weapon)
Armour
 b - a +0 scale mail (worn)
 c - a +0 buckler (worn)
 g - a +1 cloak (worn)
Jewellery
 e - a ring of poison resistance (left hand)
 k - an amulet of faith
Scrolls
 f - a scroll of summoning {unknown}
 i - 2 scrolls of identify {unknown}
 n - a scroll of revelation {unknown}
Potions
 j - a potion of cancellation {unknown}
 l - a potion of curing {unknown}
 m - a potion of resistance {unknown}


   Skills:
 + Level 3.3 Fighting
 + Level 2.8 Axes
 + Level 3.0 Armour
 + Level 2.8 Shields


You had 2 spell levels left.
You didn't know any spells.
Your spell library contained the following spells:

 Spells                   Type           Power      Damage    Failure   Level
 Frozen Ramparts          Ice            0%         1d1       99%         3
 Petrify                  Tmut/Erth      0%         N/A       100%        4
 Metabolic Englaciation   Hex/Ice        0%         N/A       100%        5


Dungeon Overview and Level Annotations

Branches:
Dungeon (2/15)

Altars:


Innate Abilities, Weirdness & Mutations

You are partially covered in icy blue scales. (AC +2)


Message History

You are too injured to fight recklessly!
Unknown command.
You are too injured to fight recklessly!
You feel very mighty all of a sudden. You block the goblin's attack.
The goblin hits you but does no damage. x2
The hobgoblin barely misses you. The frilled lizard barely misses you.
You hit Robin.
Robin is lightly wounded.
You slash the goblin!
You kill the goblin!
You miss the frilled lizard. You hit the hobgoblin.
You kill the hobgoblin!
You barely miss the goblin. You slash the goblin!
You kill the goblin!
The goblin closely misses you. Robin hits you but does no damage.
The frilled lizard bites you but does no damage.
You barely miss Robin.
Robin is lightly wounded.
You slash the frilled lizard!
You kill the frilled lizard!
You closely miss the goblin. The goblin hits you but does no damage.
You block Robin's attack.
You closely miss Robin.
Robin is lightly wounded.
You slash the goblin!
You kill the goblin!
Robin barely misses you. Robin hits you with a +1 whip of venom.
* * * LOW HITPOINT WARNING * * *
You are lethally poisoned!
You slash Robin!
Robin is almost dead.
* * * LOW HITPOINT WARNING * * *
You feel sick. Robin closely misses you.
You slash Robin!
You kill Robin!
* * * LOW HITPOINT WARNING * * *
You feel sick.
It was a potion of brilliance.
You feel clever all of a sudden.
You die...

..............
...<##..#.#..#....##. ..
.................... ...
..####............. ....
....##..........$.##..#
.##.##.....>..........#
.##.##...##..#........#.
...............)))......
.##.##...#......@)......
..)......#...#.)#†......
....†.........!....##.##
.####....#...#..##.#
.............#..# .#
................# .#
...#.#......##.## #
.###.#......##.#
............##..


There were no monsters in sight!

Vanquished Creatures
  Robin (D:2)
  5 ball pythons
  2 endoplasms
  A giant cockroach (D:1)
  9 goblins (D:2)
  2 hobgoblins
  A quokka (D:1)
  6 bats (D:1)
  8 frilled lizards
  2 kobolds (D:1)
  A rat (D:1)
38 creatures vanquished.

Notes
Turn   | Place    | Note
-------+----------+-------------------------------------------
     0 | D:1      | Maratek the Demonspawn Fighter began the quest for the Orb.
     0 | D:1      | Reached XP level 1. HP: 18/18 MP: 1/1
   138 | D:1      | Gained mutation: You are partially covered in icy blue
                  | scales. (AC +2) [demonic ancestry]
   138 | D:1      | Reached XP level 2. HP: 21/24 MP: 2/2
   659 | D:2      | Noticed Robin
   664 | D:2      | Reached XP level 3. HP: 24/29 MP: 3/3
   674 | D:2      | Killed Robin
   674 | D:2      | HP: 1/29 [poisoned by Robin]
   675 | D:2      | Succumbed to Robin's poison

Illustrated notes

Levels and vault maps discovered:
D:1:      dpeg_arrival_long_road, layout_rooms, hangedman_decor_growths,
          minmay_lizard_pond
D:2:      layout_basic, minmay_misc_feat_encased, minmay_strange_pillars,
          bh_walls_and_bars, uniq_robin

Skill      XL: |  1  2 |
---------------+-------+-----
Axes           | 2 |  2.8
Armour         | 3 |  3.0
Fighting       | |  3.3
Shields        | |  2.8

Action                     || total
---------------------------++-------
  Melee: War axe           ||    62
    Use: Potion            ||     2
 Armour: Scale mail        ||    65
  Dodge: Dodged            ||    45
  Block: Buckler           ||    19

Table legend: (Time is in decaauts)
 A = Elapsed time spent in this place.
 B = Non-inter-level travel time spent in this place.
 C = Inter-level travel time spent in this place.
 D = Time resting spent in this place.
 E = Time spent auto-exploring this place.
 F = Levels seen in this place.
 G = Mean time per level.
                   A        B        C        D        E       F      G
               +--------+--------+--------+--------+--------+-----+--------+
         Total |    700 |    675 |     25 |      0 |    502 |   2 |  350.0 |
       Dungeon |    700 |    675 |     25 |      0 |    502 |   2 |  350.0 |
               +--------+--------+--------+--------+--------+-----+--------+

Top non-repeatable levels by time:
     D:1: 462 daAuts
     D:2: 237 daAuts
